 Dungeon Crawl Stone Soup version 0.17-a0-1733-ge90ece9 (console) character file.

28 Monkaria the Scratcher (level 2, -2/14 HPs)
             Began as a Felid Berserker on Aug 30, 2015.
             Was a Believer of Trog.
             Slain by a worm (8 damage)
             ... on level 2 of the Dungeon.
             The game lasted 00:02:54 (1648 turns).

Monkaria the Scratcher (Felid Berserker)            Turns: 1648, Time: 00:02:54

Health: -2/14      AC:  1    Str: 13    XL:     2   Next: 96%
Magic:  3/3        EV: 19    Int:  8    God:    Trog [**....]
Gold:   60         SH:  0    Dex: 15    Spells: 0 memorised, 1 level left
                                        Lives:  0   Deaths: 0

rFire  . . .     SeeInvis +       - Unarmed
rCold  . . .     Clarity  .     (armour unavailable)
rNeg   . . .     SustAt   .     (shield unavailable)
rPois  .         Gourm    .     (helmet unavailable)
rElec  .         Spirit   .     (cloak unavailable)
rCorr  .         Warding  .     (gloves unavailable)
rMut   .         Stasis   .     (boots unavailable)
MR     .....                    (no amulet)
Stlth  ++........               (no ring)
                                (no ring)

@: quick, not resistant to hostile enchantments, unstealthy
A: no armour, no weapons or thrown items, claws 1, fangs 3, see invisible,
carnivore 3, speed 1, shaggy fur 1, slow metabolism 1, sharp paws
a: Burn Spellbooks, Berserk, Trog's Hand, Renounce Religion


You were on level 2 of the Dungeon.
You worshipped Trog.
Trog was pleased with you.
You were completely stuffed.

You visited 1 branch of the dungeon, and saw 2 of its levels.

You collected 60 gold pieces.

Inventory:

Jewellery
 c - an uncursed ring of protection from cold {unknown}
 d - an uncursed ring of magical power {unknown}
Scrolls
 b - 3 scrolls of identify {unknown}
 e - a scroll of blinking {unknown}
 j - 4 scrolls of remove curse {unknown}
 k - a scroll of random uselessness {unknown}
 n - a scroll of immolation {unknown}
Potions
 f - a potion of curing {unknown}
 g - 2 potions of cancellation {unknown}
 h - a potion of heal wounds {unknown}
 l - a potion of flight {unknown}
Comestibles
 a - a meat ration
 i - a slice of pizza


   Skills:
 - Level 3.0 Fighting
 - Level 4.0 Dodging
 + Level 4.2 Unarmed Combat


You had one spell level left.
You didn't know any spells.

Dungeon Overview and Level Annotations

Branches:
Dungeon (2/15)

Altars:
Sif Muna
The Shining One


Innate Abilities, Weirdness & Mutations

You cannot wear armour.
You are incapable of wielding weapons or throwing items.
You have sharp claws.
You have razor-sharp teeth.
You have supernaturally acute eyesight.
You are carnivorous and can eat meat at any time.
You cover ground quickly.
You are covered in fur (AC +1).
You have a slow metabolism.
Your sharp claws are effective at attacking unaware monsters.


Message History

A worm is nearby!
A worm is nearby!
A worm is nearby!
A kobold comes into view. It is wielding a short sword.
The kobold shouts!
A rat comes into view.
The worm bites you!
Ouch! That really hurt!
Found 13 gold pieces.
You completely miss the worm. You claw the worm!
The worm is heavily wounded.
The worm closely misses you.
You scratch the worm. You bite the worm.
The worm is severely wounded.
You scratch the worm but do no damage.
The worm is severely wounded.
The kobold misses you. The worm bites you!
Ouch! That really hurt!
You die...

........#.. ......#.#.#
.#.....#.#.###
........#...
#.#..#.#.######
.......... ..#
##.####..##.####.#
......w@......#..#
$.....K..##.#.#..#+####
.....#...##.#.#.......#
.... #......#.........#
... ##..####.###.....##
#. .... ...#.........
... ...#####.#.##.####.
#.# ##.#........#.# #.
#.# #.#.....#..#.## #.


You could see a worm and a kobold.

Vanquished Creatures
  2 bats
  4 goblins
  3 hobgoblins (D:1)
  A giant gecko (D:1)
  A giant newt (D:1)
  4 jackals (D:1)
  4 kobolds (D:1)
  A quokka (D:2)
  8 rats
28 creatures vanquished.

Notes
Turn   | Place    | Note
--------------------------------------------------------------
     0 | D:1      | Monkaria the Felid Berserker began the quest for the Orb.
     0 | D:1      | Reached XP level 1. HP: 10/10 MP: 2/2
   303 | D:1      | Reached XP level 2. HP: 4/14 MP: 3/3
  1265 | D:2      | Acquired Trog's second power
  1321 | D:2      | Found a deep blue altar of Sif Muna.
  1613 | D:2      | Found a glowing golden altar of the Shining One.
  1648 | D:2      | Slain by a worm

Vault maps used:
D:1:      enne_arrival_octagon_isle
D:2:      good_gods_mini_temple, nicolae_overflow_hidden_temple,
          yredelemnul_forgotten_temple_becter, kennysheep_nub

Action                   || total
-------------------------++-------
Melee: Unarmed           ||    67
 Stab: Sleeping          ||     2
  Eat: Chunk             ||     9
